 Dungeon Crawl Stone Soup version 0.30-a0-782-ge64f9170bb (webtiles) character file.

Game seed: 7718920852866530584

31 theswoord the Twirler (level 3, -7/40 HPs)
             Began as a Demonspawn Gladiator on Mar 15, 2023.
             Mangled by Sigmund
             ... wielding a +4 heavy scythe
              (15 damage)
             ... on level 2 of the Dungeon.
             The game lasted 00:01:04 (1207 turns).

theswoord the Twirler (Demonspawn Gladiator)        Turns: 1207, Time: 00:01:05

Health: -7/40      AC:  6    Str: 16    XL:     3   Next: 7%
Magic:  3/3        EV: 12    Int:  9    God:
Gold:   48         SH:  0    Dex: 14    Spells: 2/2 levels left

rFire   . . .      SeeInvis .    a - +0 quarterstaff
rCold   . . .      Faith    .    (shield currently unavailable)
rNeg    . . .      Spirit   .    b - +0 leather armour
rPois   .          Reflect  .    c - +0 helmet
rElec   .          Harm     .    l - +1 cloak
rCorr   .          Rampage  .    (no gloves)
Will    .....                    (no boots) Stlth
                                 (no amulet)
HPRegen 0.26/turn                (no ring)
MPRegen 0.08/turn                (no ring)

@: confused, berserking (expiring), very quick
A: large bone plates 1
a: no special abilities


You were on level 2 of the Dungeon.
You visited 1 branch of the dungeon, and saw 2 of its levels.

You collected 48 gold pieces.

Inventory:

Hand Weapons
 a - a +0 quarterstaff (weapon)
Missiles
 d - 3 throwing nets (quivered)
 e - 4 javelins
Armour
 b - a +0 leather armour (worn)
 c - a +0 helmet (worn)
 l - a +1 cloak (worn)
 m - a +0 pair of gloves
Scrolls
 f - a scroll of teleportation
 i - 2 scrolls of identify {unknown}
Potions
 h - a potion of mutation {unknown}
 j - a potion of heal wounds {unknown}
 k - a potion of might {unknown}


   Skills:
 - Level 2.0 Fighting
 + Level 3.9 Staves
 - Level 1.7 Throwing
 - Level 2.6 Dodging


You had 2 spell levels left.
You didn't know any spells.
Your spell library was empty.

Dungeon Overview and Level Annotations

Branches:
Dungeon (2/15)

Altars:

Annotations:
D:2 Sigmund


Innate Abilities, Weirdness & Mutations

You are partially covered in large bone plates. (SH +4)


Message History

You hit the hobgoblin.
The hobgoblin hits you but does no damage.
You hit the hobgoblin.
You kill the hobgoblin!
The giant cockroach misses you.
You hit the giant cockroach but do no damage.
Something barely misses you. The giant cockroach closely misses you.
You hit the giant cockroach.
You kill the giant cockroach!
No target in view!
No target in view!
It was a potion of berserk rage.
A red film seems to cover your vision as you go berserk!
You feel yourself moving faster!
You feel mighty! Something hits you!!
Ouch! That really hurt!
* * * LOW HITPOINT WARNING * * *
You feel a strong urge to attack something.
You see here a hobgoblin corpse.
You barely miss something. You thump something! Something hits you.
* * * LOW HITPOINT WARNING * * *
You barely miss something. You miss something. You closely miss something.
Something hits you.
* * * LOW HITPOINT WARNING * * *
You closely miss something. You closely miss something.
You closely miss something.
You hear some strange, mumbled words.
A puff of flame appears from out of thin air!
The puff of flame hits you!
* * * LOW HITPOINT WARNING * * *
You sock something!
You hear some strange, mumbled words.
You are confused.
You bump into the rock wall.
You bump into the rock wall.
You feel a strong urge to attack something.
Something hits you!
You die...

#.### #...#
###.# #.#
#.# #.# #.#
#########.#
#....{@...#
#.#########


There were no monsters in sight!

Vanquished Creatures
  3 endoplasms (D:1)
  4 giant cockroaches
  3 goblins
  5 hobgoblins
  4 jackals (D:1)
  A ball python (D:1)
  A bat (D:2)
  A frilled lizard (D:1)
  2 kobolds
  2 rats (D:1)
26 creatures vanquished.

Vanquished Creatures (others)
  A plant (D:1)
1 creature vanquished.

Grand Total: 27 creatures vanquished

Notes
Turn   | Place    | Note
-------+----------+-------------------------------------------
     0 | D:1      | theswoord the Demonspawn Gladiator began the quest for the
                  | Orb.
     0 | D:1      | Reached XP level 1. HP: 16/16 MP: 1/1
   165 | D:1      | Reached skill level 3 in Staves
   510 | D:1      | Gained mutation: You are partially covered in large bone
                  | plates. (SH +4) [demonic ancestry]
   510 | D:1      | Reached XP level 2. HP: 20/22 MP: 2/2
  1161 | D:2      | Reached XP level 3. HP: 27/27 MP: 3/3
  1187 | D:2      | Noticed Sigmund
  1207 | D:2      | Mangled by Sigmund

Skill      XL: |  1 |
---------------+----+-----
Staves         | 3 |  3.9
Fighting       | |  2.0
Throwing       | |  1.7
Dodging        | |  2.6

Action                     || total
---------------------------++-------
  Melee: Quarterstaff      ||    80
    Use: Scroll            ||     5
         Potion            ||     1
 Armour: Leather armour    ||    26
  Dodge: Dodged            ||    43
  Block: Other             ||    12

Levels and vault maps discovered:
D:1:      roderic_octagonal_star, layout_loops_corners, serial_forest,
          infiniplex_forest_clump_cross, infiniplex_forest_end_2,
          infiniplex_forest_lined_room_2, infiniplex_forest_fountain,
          infiniplex_forest_lined_2, infiniplex_forest_straight_4,
          infiniplex_forest_clump_C, nrook_uturn
D:2:      cheibrodos_fertilizer, layout_loops_ring, uniq_sigmund
